 Dungeon Crawl Stone Soup version 0.30.0 (webtiles) character file.

Game seed: 11437069312595649996

80391 BubbleThief the Warrior (level 15, -2/136 HPs)
             Began as a Barachi Ice Elementalist on May 5, 2023.
             Was the Champion of Vehumet.
             Slain by an orc warlord
             ... wielding a +8 great sword
              (22 damage)
             ... on level 1 of the Orcish Mines on May 6, 2023.
             The game lasted 01:32:09 (23572 turns).

BubbleThief the Warrior (Barachi Ice Elementalist) Turns: 23572, Time: 01:32:10

Health: -2/136     AC: 16    Str: 15    XL:     15   Next: 66%
Magic:  21/31      EV: 25    Int: 21    God:    Vehumet [******]
Gold:   988        SH: 14    Dex: 19    Spells: 22/38 levels left

rFire   + . .        n - +8 dagger of the Eternal Void {heavy, rN+ Str+3 Dex+4}
rCold   + . .        E - +3 buckler
rNeg    + . .        e - +3 leather armour {rF+}
rPois   .            C - +1 helmet of Fortification {Drain rC+ Will+ Dex+3}
rElec   .            P - +1 cloak of Starlight {*Dazzle EV+4 Stlth--}
rCorr   .            R - +0 pair of gloves
SInv    .            v - +0 pair of boots
Will    ++...        l - amulet of reflection Stlth
                     i - +4 ring of protection
HPRegen 0.42/turn    N - ring of wizardry
MPRegen 0.22/turn

%: reflection, wizardry (x1)
@: unable to hop, slow
A: amphibious, slowness 1, strong legs 2, +LOS
a: Hop, Renounce Religion


You were on level 1 of the Orcish Mines.
You worshipped Vehumet.
Vehumet was exalted by your worship.
You visited 4 branches of the dungeon, and saw 20 of its levels.
You also visited: Ossuary and Volcano.

You collected 2292 gold pieces.
You spent 1304 gold pieces at shops.

Inventory:

Hand Weapons
 n - the +8 dagger of the Eternal Void (weapon) {heavy, rN+ Str+3 Dex+4}
   (You found it on level 2 of the Dungeon)

   Str:       It affects your strength (+3).
   Dex:       It affects your dexterity (+4).
   rN:        It protects you from negative energy.
 q - a +0 club
Missiles
 h - 15 atropa-tipped darts
 y - 6 throwing nets
 K - 12 curare-tipped darts
Armour
 e - a +3 leather armour of fire resistance (worn)
 v - a +0 pair of boots (worn)
 C - the +1 helmet of Fortification (worn) {Drain rC+ Will+ Dex+3}
   (You found it on level 6 of the Dungeon)

   Dex:       It affects your dexterity (+3).
   rC:        It protects you from cold.
   Drain:     It drains your maximum health when unequipped.
   Will:      It increases your willpower.
 E - a +3 buckler (worn)
 P - the +1 cloak of Starlight (worn) {*Dazzle EV+4 Stlth--}
   (You bought it in a shop on level 2 of the Orcish Mines)

   *Dazzle:   It may blind those who miss an attack against the wearer in melee
   combat.
   EV:        It affects your evasion (+4).
   Stlth:     It makes you much less stealthy.
 Q - a +1 robe of cold resistance
 R - a +0 pair of gloves (worn)
 Y - +0 steam dragon scales
Magical Staves
 c - a staff of cold
Jewellery
 a - a ring of ice
 i - a +4 ring of protection (left hand)
 j - an amulet of magic regeneration
 l - an amulet of reflection (around neck)
 L - a ring of poison resistance
 N - a ring of wizardry (right hand)
 S - a ring of see invisible
Wands
 t - a wand of polymorph (25)
 w - a wand of roots (30)
 x - a wand of paralysis (11)
 F - a wand of digging (1)
 T - a wand of flame (23)
 Z - a wand of mindburst (7)
Scrolls
 d - 6 scrolls of poison
 m - 4 scrolls of amnesia
 o - 4 scrolls of fear
 p - 2 scrolls of identify
 z - 5 scrolls of blinking
 B - 2 scrolls of silence
 G - 5 scrolls of teleportation
 U - 3 scrolls of enchant armour
 V - 7 scrolls of enchant weapon
Potions
 b - 2 potions of magic
 f - 5 potions of lignification
 g - 9 potions of curing
 k - 2 potions of heal wounds
 r - a potion of berserk rage
 s - 8 potions of attraction
 u - 2 potions of flight
 A - 5 potions of brilliance
 D - a potion of invisibility
 H - 3 potions of haste
 I - a potion of resistance
 J - 4 potions of cancellation
 M - 6 potions of mutation
 O - 5 potions of might


   Skills:
 - Level 18.0 Fighting
 - Level 5.0 Short Blades
 + Level 14.9 Dodging
 - Level 1.7 Stealth
 - Level 5.4 Shields
 + Level 12.0 Spellcasting
 + Level 15.9 Ice Magic


You had 22 spell levels left.
You knew the following spells:

 Your Spells              Type           Power      Damage    Failure   Level
a - Freeze                Ice            100%       1d10      0%          1
b - Frozen Ramparts       Ice            100%       1d16      1%          3
c - Ozocubu's Armour      Ice            68%        N/A       1%          3
d - Summon Ice Beast      Ice/Summ       46%        N/A       1%          4
e - Freezing Cloud        Conj/Ice/Air   17%        6-21      3%          5

Your spell library contained the following spells:

 Spells                   Type           Power      Damage    Failure   Level
 Lee's Rapid Deconstruct  Erth           6%         3d6*      24%         5
 Sandblast                Erth           24%        2d8       1%          1
 Shock                    Conj/Air       48%        1d6       1%          1
 Static Discharge         Conj/Air       24%        2-3/arc   1%          2
 Apportation              Tloc           24%        N/A       3%          1
 Necrotise                Necr           48%        1d6       3%          1
 Summon Small Mammal      Summ           48%        N/A       3%          1
 Inner Flame              Hex/Fire       12%        N/A       3%          3
 Stone Arrow              Conj/Erth      24%        3d8       3%          3
 Passwall                 Tmut/Erth      10%        N/A       5%          2
 Airstrike                Air            6%         2d(1-17)  10%         4
 Flame Wave               Conj/Fire      12%        2d6       10%         4
 Sticky Flame             Conj/Fire      12%        2d4       10%         4
 Swiftness                Air            12%        N/A       11%         3
 Fireball                 Conj/Fire      6%         3d5       24%         5
 Iskenderun's Battlesphe  Conj           12%        2d7       24%         5
 Summon Lightning Spire   Summ/Air       12%        N/A       32%         4
 Summon Forest            Summ/Tloc      6%         N/A       65%         5
 Summon Mana Viper        Hex/Summ       12%        N/A       65%         5
 Conjure Ball Lightning   Conj/Air       6%         3x3d6     71%         6
 Iron Shot                Conj/Erth      6%         9d2       71%         6
 Summon Cactus Giant      Summ           6%         N/A       99%         6
 Orb of Destruction       Conj           6%         9d6       99%         7
 Spellforged Servitor     Conj/Summ      6%         N/A       99%         7


Dungeon Overview and Level Annotations

Branches:
Dungeon (12/15)            Temple (1/1) D:6            Lair (5/5) D:11
 Shoals (0/4) Lair:3       Spider (0/4) Lair:3        Slime (0/5) Lair:5
    Orc (2/2) D:10            Elf (0/3) Orc:2       Ossuary (visited)
Volcano (visited)

Altars:
Ashenzari
Cheibriados
Dithmenos
Elyvilon
Fedhas
Gozag
Hepliaklqana
Kikubaaqudgha
Makhleb
Nemelex Xobeh
Okawaru
Qazlal
Ru
Sif Muna
Trog
Uskayaw
Vehumet
Wu Jian
Xom
Yredelemnul
Zin
The Shining One

Shops:
D:8 *   D:9 (   Orc:1 =   Orc:2 =([

Portals:
Trove: D:10 (give +2 storm dragon scales)

Annotations:
D:12 Rupert
Orc:1 1 transporter


Innate Abilities, Weirdness & Mutations

You are amphibious.
You cover ground slowly.
You can hop long distances.
You have an extended range of vision and can be seen from far away.


Message History

A transporter landing site.
The walls around you are covered in ice.
The wall freezes the orc knight!
The orc knight hits you with a +5 great sword!!!
Unknown command.
Casting: Frozen Ramparts (safe; 1% risk of failure)
Confirm with . or Enter, or press ? or * to list all spells.
Aiming: Freezing Cloud (dangerous; 3% risk of failure)
Press: ? - help, Dir - move target That beam is likely to hit you.
Continue anyway?
You are engulfed in freezing vapours.
You resist.
The orc knight is engulfed in freezing vapours.
The wall freezes the orc knight!
The orc knight roars a battlecry!
The orc knight goes into a battle-frenzy!
The orc knight is engulfed in freezing vapours.
The wall freezes the orc knight!
The orc knight completely misses you.
Your frozen ramparts will break if you move.
Continue?
Okay, then.
Your frozen ramparts will break if you move.
Continue?
The frozen ramparts melt away as you move.
The orc knight is engulfed in freezing vapours. x2
Unknown command.
Casting: Freezing Cloud (dangerous; 3% risk of failure)
Confirm with . or Enter, or press ? or * to list all spells.
A film of ice covers your body!
The orc knight is engulfed in freezing vapours.
The orc knight hits you with a +5 great sword!!!
The orc knight is engulfed in freezing vapours.
The orc knight hits you with a +4 great sword!!!
* * * LOW HITPOINT WARNING * * *
Hop to where?
Press: ? - help, Dir - move target Your icy armour will break if you move.
Continue?
Your icy armour cracks and falls away as you move.
Boing!
Unknown command.
You enter the transporter and appear at another place.
The orc warlord hits you with a +8 great sword!!
You die...

#.8#####8.#
#.##o©§##.#
#.#.§o§§#.#
#.#..♣§○#.#
#.#...§§#.#
#.##...##.#
##.8##©##8.##
#..8#####8..#
#.###.@o###.#
#.#♣.....♣#.#
#.#♣.....♣#.#
#.#♣.♣_♣.♣#.#
#=#♣$$$$$♣#.#
#.#♣$$.$$♣#.#
#)###.©$###.#
#.))#####...#
###..8©8..#######


You could see an orc warlord.

Vanquished Creatures
  Donald (Orc:2)
  An orc warlord (Orc:2)
  A red draconian (Volcano)
  Fannar (Orc:1)
  Josephine (Lair:4)
  Erolcha (Orc:1)
  3 hydras
  A merfolk avatar (Lair:5)
  5 two-headed ogres
  2 catoblepae (Lair:3)
  2 centaur warriors
  2 boulder beetles
  Urug (Orc:1)
  Sonja (D:12)
  2 skysharks
  Lodul (D:12)
  A fire crab (Lair:5)
  A sea snake (Lair:5)
  3 harpies
  A lindwurm (Lair:3)
  A wolf spider (Lair:3)
  9 orc knights
  2 cyclopes
  2 manticores
  2 ugly things
  2 orc sorcerers (Orc:2)
  6 black mambas
  An eye of devastation (Lair:5)
  9 cane toads
  14 elephants
  A gargoyle (D:11)
  8 rime drakes
  A yaktaur (Volcano)
  11 komodo dragons
  A troll (Orc:1)
  3 hornets
  A wind drake (Lair:5)
  4 polar bears
  29 blink frogs
  3 snapping turtles (Lair:5)
  A dream sheep (D:7)
  4 slime creatures
  A jumping spider (Lair:3)
  A shadow (D:12)
  36 yaks
  5 wraiths
  4 wyverns
  2 basilisks
  A human (D:6)
  3 fire bats (Orc:2)
  A golden eye (shapeshifter) (D:9)
  A redback (Lair:3)
  3 vampire mosquitoes (D:12)
  2 steam dragons
  4 wargs
  An acid dragon (D:11)
  19 water moccasins
  A floating eye (Lair:5)
  A hornet zombie (Ossuary)
  2 sky beasts
  5 ice beasts
  42 orc warriors
  A black bear (D:6)
  7 ogres
  10 centaurs
  13 wolves
  A phantom (D:4)
  5 kobold brigands
  7 bullfrogs
  A wyvern zombie (Ossuary)
  A gnoll sergeant (D:9)
  3 scorpions (D:6)
  A water moccasin zombie (Ossuary)
  9 wights
  12 killer bees
  5 electric eels
  5 howler monkeys
  2 centaur zombies (Ossuary)
  2 bullfrog zombies (Ossuary)
  2 hounds
  7 jellies
  19 orc priests
  2 gnoll boudas
  3 iguanas
  35 orc wizards
  2 sleepcaps
  6 hell rats (Lair:2)
  2 killer bee zombies (Ossuary)
  15 mummies (Ossuary)
  A howler monkey zombie (Ossuary)
  5 adders
  22 gnolls
  A shadow imp (D:7)
  2 white imps
  An ufetubus (D:4)
  90 orcs
  9 bats
  19 endoplasms
  5 giant cockroaches
  2 goblins (D:4)
  9 hobgoblins
  4 jackals (D:3)
  29 kobolds
  2 quokkas
  7 ball pythons
  2 frilled lizards (D:1)
  A jackal skeleton (D:6)
  A rat (D:3)
672 creatures vanquished.

Vanquished Creatures (collateral kills)
  A centaur warrior (D:9)
  A sea snake (Lair:5)
  5 elephants
  A torpor snail (Lair:2)
  A cane toad (Lair:2)
  A kobold demonologist (D:11)
  A troll (Orc:2)
  6 blink frogs
  A slime creature (D:12)
  A wyvern (Lair:3)
  A wraith (D:11)
  5 yaks
  A steam dragon (Lair:5)
  A water moccasin (Lair:5)
  4 orc warriors (Orc:2)
  3 ogres (D:12)
  4 orc priests
  2 orc wizards (Orc:1)
  7 orcs (Orc:2)
47 creatures vanquished.

Vanquished Creatures (others)
  A kobold brigand (D:10)
  29 fungi
  57 plants
  8 withered plants (Ossuary)
95 creatures vanquished.

Grand Total: 814 creatures vanquished

Notes
Turn   | Place    | Note
-------+----------+-------------------------------------------
     0 | D:1      | BubbleThief the Barachi Ice Elementalist began the quest
                  | for the Orb.
     0 | D:1      | Reached XP level 1. HP: 13/13 MP: 3/3
   110 | D:1      | Reached skill level 5 in Ice Magic
   177 | D:1      | Reached XP level 2. HP: 15/19 MP: 1/5
   733 | D:1      | Reached XP level 3. HP: 24/24 MP: 3/6
   808 | D:2      | Learned a level 3 spell: Frozen Ramparts
   847 | D:2      | Learned a level 3 spell: Ozocubu's Armour
  1747 | D:2      | Reached XP level 4. HP: 21/30 MP: 1/8
  1821 | D:2      | Identified the +8 dagger of the Eternal Void {heavy, rN+
                  | Str+3 Dex+4}
  2111 | D:3      | Reached XP level 5. HP: 22/35 MP: 0/10
  2541 | D:3      | Reached skill level 1 in Fighting
  2541 | D:3      | Reached XP level 6. HP: 43/43 MP: 4/11
  2824 | D:3      | Found an ornate altar of the Wu Jian Council.
  3272 | D:4      | Reached skill level 2 in Fighting
  3874 | D:5      | Entered Level 5 of the Dungeon
  4000 | D:5      | Reached XP level 7. HP: 47/51 MP: 9/13
  4066 | D:5      | Found a shimmering blue altar of Sif Muna.
  4748 | D:6      | Found a staircase to the Ecumenical Temple.
  4846 | D:6      | Found a shadowy altar of Dithmenos.
  4847 | D:6      | Found a hazy altar of Hepliaklqana.
  4849 | D:6      | Noticed a shadow
  4875 | D:6      | Reached skill level 3 in Fighting
  5156 | D:6      | Reached skill level 5 in Spellcasting
  5165 | D:6      | Reached XP level 8. HP: 37/60 MP: 7/15
  5333 | D:6      | Reached skill level 4 in Fighting
  5333 | D:6      | Reached skill level 1 in Short Blades
  5435 | Temple   | Entered the Ecumenical Temple
  5443 | Temple   | Became a worshipper of Vehumet
  5466 | D:6      | Found a runed translucent door.
  5470 | D:6      | Found a basalt altar of Yredelemnul.
  5541 | D:6      | Reached skill level 5 in Fighting
  5654 | D:6      | Identified the +1 helmet of Fortification {Drain rC+ Will+
                  | Dex+3}
  5838 | D:6      | Reached skill level 5 in Short Blades
  5932 | D:6      | Found a sparkling altar of Nemelex Xobeh.
  5979 | D:6      | Found a shimmering altar of Xom.
  5979 | D:6      | Found a shimmering altar of Xom.
  5982 | D:6      | Found a shimmering altar of Xom.
  5982 | D:6      | Found a shimmering altar of Xom.
  5982 | D:6      | Found a shimmering altar of Xom.
  6294 | D:7      | Reached skill level 6 in Fighting
  6295 | D:7      | Reached XP level 9. HP: 58/69 MP: 11/17
  6662 | D:7      | Reached skill level 10 in Ice Magic
  6662 | D:7      | Reached * piety under Vehumet
  6662 | D:7      | Offered knowledge of Magic Dart by Vehumet.
  6799 | D:7      | Reached skill level 7 in Fighting
  7392 | D:8      | Found a bloodstained altar of Trog.
  7423 | D:8      | Reached skill level 8 in Fighting
  7429 | D:8      | Learned a level 4 spell: Summon Ice Beast
  7532 | D:8      | Found Wenur's Overcharged Wands.
  7551 | D:8      | Reached ** piety under Vehumet
  7582 | D:8      | Found a glowing golden altar of the Shining One.
  7608 | D:8      | Offered knowledge of Kiss of Death by Vehumet.
  7625 | D:8      | Reached XP level 10. HP: 81/82 MP: 15/20
  7642 | D:8      | Found a sand-covered staircase.
  7647 | Ossuary  | Entered an ossuary
  7810 | Ossuary  | Reached skill level 9 in Fighting
  7895 | Ossuary  | Reached skill level 1 in Shields
  7979 | Ossuary  | Offered knowledge of Momentum Strike by Vehumet.
  8222 | Ossuary  | Reached *** piety under Vehumet
  8721 | D:8      | Found a hide-covered altar of Uskayaw.
  8863 | D:9      | Found a broken altar of Ashenzari.
  8864 | D:9      | Noticed a two-headed ogre
  8994 | D:9      | Offered knowledge of Olgreb's Toxic Radiance by Vehumet.
  8995 | D:9      | Reached skill level 10 in Fighting
  9012 | D:9      | Noticed a two-headed ogre
  9024 | D:9      | Killed a two-headed ogre
  9250 | D:9      | Noticed a cyclops
  9269 | D:9      | Killed a cyclops
  9270 | D:9      | Reached skill level 5 in Shields
  9302 | D:9      | Reached skill level 11 in Fighting
  9500 | D:9      | Killed a two-headed ogre
  9501 | D:9      | Reached skill level 12 in Fighting
  9501 | D:9      | Reached XP level 11. HP: 83/95 MP: 10/21
  9602 | D:9      | Identified the +4 rapier "Cikhlas" {protect, Fragile rN+++
                  | Dex+2 Stlth+}
  9602 | D:9      | Noticed a centaur warrior
  9617 | D:9      | Killed a centaur warrior
  9709 | D:9      | Noticed a cyan ugly thing
  9721 | D:9      | Killed a cyan ugly thing
  9946 | D:9      | Reached **** piety under Vehumet
 10051 | D:9      | Found a sacrificial altar of Ru.
 10180 | D:9      | Found Acytojy's Antique Weapon Shop.
 10260 | D:9      | Offered knowledge of Ignite Poison by Vehumet.
 10375 | D:10     | Entered Level 10 of the Dungeon
 10427 | D:10     | Reached skill level 5 in Dodging
 10437 | D:10     | Reached skill level 13 in Fighting
 10515 | D:10     | Found a staircase to the Orcish Mines.
 10664 | D:10     | Found an iron altar of Okawaru.
 10935 | D:10     | Found a snail-covered altar of Cheibriados.
 11001 | D:10     | Found a portal to a secret trove of treasure.
 11374 | D:11     | Noticed a two-headed ogre
 11385 | D:11     | Killed a two-headed ogre
 11411 | D:11     | Reached skill level 14 in Fighting
 11495 | D:11     | Found a staircase to the Lair.
 11500 | D:11     | Noticed a two-headed ogre
 11507 | D:11     | Reached XP level 12. HP: 107/107 MP: 17/22
 11513 | D:11     | Reached ***** piety under Vehumet
 11522 | D:11     | Killed a two-headed ogre
 11522 | D:11     | Offered knowledge of Freezing Cloud by Vehumet.
 11529 | D:11     | Learned a level 5 spell: Freezing Cloud
 11681 | D:11     | Noticed a boulder beetle
 11716 | D:11     | Killed a boulder beetle
 12122 | Lair:1   | Entered Level 1 of the Lair of Beasts
 12214 | Lair:1   | Reached skill level 15 in Fighting
 13079 | Lair:2   | Reached skill level 10 in Dodging
 13173 | Lair:2   | Reached skill level 16 in Fighting
 13608 | Lair:2   | Gained mutation: You can hop long distances. [Barachi
                  | growth]
 13608 | Lair:2   | Reached XP level 13. HP: 118/118 MP: 10/23
 14252 | Lair:3   | Found a staircase to the Shoals.
 14751 | Lair:3   | Found a hole to the Spider Nest.
 15011 | Lair:3   | Reached skill level 17 in Fighting
 15461 | Lair:4   | Noticed Josephine
 16419 | Lair:4   | Reached XP level 14. HP: 128/128 MP: 27/27
 16762 | Lair:4   | Killed Josephine
 16980 | Lair:5   | Entered Level 5 of the Lair of Beasts
 17167 | Lair:5   | Paralysed by a floating eye for 3 turns
 17519 | Lair:5   | Offered knowledge of Iskenderun's Mystic Blast by Vehumet.
 17627 | Lair:5   | Reached skill level 18 in Fighting
 17627 | Lair:5   | Reached skill level 10 in Spellcasting
 18637 | Lair:5   | Identified the +8 glaive "Killer Bee's Peril" {drain, rF-
                  | rN+++ Int+4}
 18828 | Lair:5   | Found a staircase to the Slime Pits.
 19392 | D:12     | Noticed Lodul
 19409 | D:12     | Killed Lodul
 19503 | D:12     | Noticed Sonja
 19563 | D:12     | Killed Sonja
 19719 | D:12     | Reached XP level 15. HP: 102/136 MP: 29/29
 20686 | D:12     | Noticed Rupert
 20770 | Orc:1    | Entered Level 1 of the Orcish Mines
 20905 | Orc:2    | Entered Level 2 of the Orcish Mines
 20913 | Orc:2    | Reached skill level 15 in Ice Magic
 20999 | Orc:2    | Noticed Donald
 21010 | Orc:2    | Killed Donald
 21128 | Orc:2    | Found a staircase to the Elven Halls.
 21194 | Orc:2    | Found a dark tunnel.
 21231 | Volcano  | Entered a volcano
 21689 | Orc:2    | Reached ****** piety under Vehumet
 21744 | Orc:2    | Noticed an orc warlord
 21759 | Orc:2    | Killed an orc warlord
 21759 | Orc:2    | Offered knowledge of Starburst by Vehumet.
 21876 | Orc:2    | Found Siafoech's Antique Weapon Boutique.
 21878 | Orc:2    | Found Tooduicw's Antique Armour Shop.
 21885 | Orc:2    | Bought the +1 cloak of Starlight {*Dazzle EV+4 Stlth--} for
                  | 884 gold pieces
 21885 | Orc:2    | Found the +1 cloak of Starlight {*Dazzle EV+4 Stlth--}
 22323 | Orc:2    | Found Idyoj's Antique Weapon Boutique.
 22529 | Orc:2    | Found Lemao's Jewellery Shoppe.
 22593 | Orc:1    | Found Vape's Jewellery Shoppe.
 22593 | Orc:1    | Found an ornate altar of the Wu Jian Council.
 22593 | Orc:1    | Found a transporter.
 22604 | Orc:1    | Noticed Erolcha
 22724 | Orc:1    | Killed Erolcha
 22805 | Orc:1    | Bought an amulet of magic regeneration for 420 gold pieces
 22837 | Orc:1    | Found a transporter.
 22850 | Orc:1    | Found a transporter.
 22864 | Orc:1    | Noticed Fannar
 22910 | Orc:1    | Killed Fannar
 22933 | Orc:1    | Found a transporter.
 22944 | Orc:1    | Found an ornate altar of the Wu Jian Council.
 22944 | Orc:1    | Noticed an orc warlord
 22960 | Orc:1    | Noticed Urug
 22975 | Orc:1    | Killed Urug
 23252 | Orc:1    | Offered knowledge of Lee's Rapid Deconstruction by Vehumet.
 23572 | Orc:1    | Slain by an orc warlord

Illustrated notes

Levels and vault maps discovered:
D:1:      lightli_arrival_statue_moat, layout_rooms
D:2:      layout_loops_corners, serial_co_window_serial, co_window_corner_a,
          co_window_of_opportunity_a, co_window_of_opportunity_a,
          co_window_paths_b, co_window_paths_b, co_window_cross_4,
          co_window_unsneaky_path_b, co_window_broadway_a, co_window_corner_b,
          co_window_corner_b, co_window_unsneaky_path_b, glass_columns_a,
          glass_columns_c, glass_columns_a, glass_columns_c, glass_columns_c,
          minmay_stone_trees_small
D:3:      layout_loops_ring, nicolae_wu_jian_immortal_techniques
D:4:      layout_cave_pools
D:5:      layout_basic, general_overflow_altar, kennysheep_pointless_box
D:6:      layout_cave_pools, riverfiend_overflow_shadow_ancestor,
          dk_yredelemnul_ordeal, mainiacjoe_overflow_surrounded_room,
          xom_redecorated, minmay_temple_entry_sparse_star
D:7:      lemuel_slime, layout_basic, dreamdust_gnoll_shepherd
D:8:      layout_basic, nicolae_uskayaw_suspiria, jmf_multi_god_temple,
          enter_ossuary_5, nicolae_shop_overcharged_wands
D:9:      minmay_blocky_corners, layout_irregular_city, kennysheep_mini,
          ashenzari_conservatory_becter, serial_shops, shop, minivault_23,
          nicolae_kite_square_tiling_tiny
D:10:     layout_basic, overflow_temple_1_default,
          mainiacjoe_overflow_boulevard, trove_entry_hex_spiral
D:11:     layout_roguey, hellmonk_lair_entry_icy
D:12:     layout_basic, uniq_lodul, uniq_rupert, uniq_sonja
Temple:   nicolae_temple_two_arcs
Lair:1:   layout_cave_shapes, serial_bayou_crossing
Lair:2:   layout_small_grid
Lair:3:   layout_gridlike, nicolae_shoals_entry_roost,
          spider_nest_entry_funnel_web, grunt_megastairs_1, serial_bayou_shore_a
Lair:4:   layout_cave_pods, uniq_josephine
Lair:5:   gammafunk_lair_ancient_temple, layout_misc_corridors,
          minmay_slime_entry_eyes
Orc:1:    dreamdust_wu_jian_sword_trials, layout_caves, special_room
          [special_room_orc], serial_shops, shop, uniq_erolcha, uniq_fannar,
          uniq_urug
Orc:2:    grunt_orc_community_town_hall, layout_diamond_mine,
          grunt_orc_community_big_house_2, grunt_orc_community_big_house_2,
          grunt_orc_community_house_1, grunt_orc_community_house_3,
          grunt_orc_community_house_1, grunt_orc_community_house_2,
          nicolae_volcano_entry_batcave, uniq_donald

Skill      XL: |  1  2  3  4  5  6  7  8  9 10 11 12 13 14 15 |
---------------+----------------------------------------------+-----
Ice Magic      | 5 6 7 8 9 11 13 14 15 | 15.9
Spellcasting   | 3 4 5 7 9 10 12 | 12.0
Fighting       | 1 2 3 6 8 12 14 16 17 18 | 18.0
Short Blades   | 5 |  5.0
Shields        | 5 |  5.4
Dodging        | 7 10 12 13 14 | 14.9
Stealth        | |  1.7

Action                     |  1- 3 |  4- 6 |  7- 9 | 10-12 | 13-15 || total
---------------------------+-------+-------+-------+-------+-------++-------
  Melee: Whip              |     5 |     1 |       |       |       ||     6
         Dagger            |       |    32 |   121 |   324 |   545 ||  1022
         Punch             |       |       |     1 |     3 |       ||     4
  Throw: Dart              |       |     3 |       |       |       ||     3
   Cast: Freeze            |    46 |    16 |    18 |     6 |     1 ||    87
         Frozen Ramparts   |     1 |    18 |    41 |    86 |   103 ||   249
         Ozocubu's Armour  |     1 |     5 |    31 |    54 |    74 ||   165
         Summon Ice Beast  |       |       |       |    22 |    40 ||    62
         Freezing Cloud    |       |       |       |    10 |   111 ||   121
Ability: Hop               |       |       |     1 |       |     2 ||     3
  Evoke: Wand              |       |       |       |     8 |     2 ||    10
    Use: Scroll            |       |       |    14 |    13 |     2 ||    29
         Potion            |       |       |       |       |     2 ||     2
   Stab: Distracted        |       |       |       |     1 |     3 ||     4
         Petrified         |       |       |       |       |     1 ||     1
         Sleeping          |       |       |       |       |     1 ||     1
         Invisible         |       |       |       |       |     4 ||     4
 Armour: Robe              |     5 |    14 |    51 |    85 |    54 ||   209
         Steam dragon scal |       |       |       |       |    16 ||    16
         Leather armour    |       |       |       |       |    35 ||    35
  Dodge: Dodged            |    20 |    40 |    81 |   195 |   374 ||   710
  Block: Buckler           |       |       |       |   152 |   429 ||   581
         Reflection        |       |       |       |     4 |    20 ||    24
